 Dungeon Crawl Stone Soup version 0.21.1-1-g345015f (webtiles) character file.

101 Dioder the Shooter (level 4, 0/33 HPs)
             Began as a Demonspawn Hunter on Feb 17, 2018.
             Slain by Sigmund
             ... wielding a +0 scythe
              (7 damage)
             ... on level 2 of the Dungeon.
             The game lasted 00:04:25 (1067 turns).

Dioder the Shooter (Demonspawn Hunter)              Turns: 1067, Time: 00:04:26

Health: 0/33       AC:  3    Str: 12    XL:     4   Next: 48%
Magic:  4/4        EV: 12    Int: 13    God:
Gold:   129        SH:  0    Dex: 14    Spells: 3/3 levels left

rFire    . . .     SeeInvis .   b - +0 short sword
rCold    . . .     Gourm    .   (no shield)
rNeg     . . .     Faith    .   c - +0 leather armour
rPois    .         Spirit   .   (helmet restricted)
rElec    .         Reflect  .   (no cloak)
rCorr    .         Harm     .   (no gloves)
MR       .....                  (no boots)
Stlth    +.........             (no amulet)
HPRegen  0.11/turn              (no ring)
MPRegen  0.09/turn              (no ring)

@: no status effects
A: antennae 1, spiny 1
a: no special abilities


You were on level 2 of the Dungeon.
You were not hungry.

You visited 1 branch of the dungeon, and saw 2 of its levels.

You collected 129 gold pieces.

Inventory:

Hand Weapons
 a - a +2 shortbow
 b - a +0 short sword (weapon)
Armour
 c - a +0 leather armour (worn)
Scrolls
 e - 2 scrolls of teleportation
Potions
 g - a potion of cancellation
Comestibles
 f - 3 rations


   Skills:
 - Level 2.0 Fighting
 + Level 5.1 Bows
 * Level 2.5 Dodging
 - Level 0.8 Stealth


You had 3 spell levels left.
You didn't know any spells.

Dungeon Overview and Level Annotations

Branches:
Dungeon (2/15)

Altars:

Annotations:
D:2 Sigmund


Innate Abilities, Weirdness & Mutations

You have a pair of small antennae on your head.
You are partially covered in sharp spines.


Message History

You hit Sigmund but do no damage.
Sigmund is heavily wounded.
Sigmund screams, "I am the angel of ZOT!!!"
Sigmund hits you with a scythe!
You hit Sigmund.
Sigmund is heavily wounded.
Sigmund is struck by your spines. Sigmund hits you with a scythe!
* * * LOW HITPOINT WARNING * * *
You hit Sigmund but do no damage.
Sigmund is severely wounded.
You hit Sigmund.
Sigmund is severely wounded.
Sigmund gestures at you while chanting. The puff of flame hits you!
* * * LOW HITPOINT WARNING * * *
Sigmund mumbles some strange words.
Sigmund flickers and vanishes!
Deactivating autopickup; reactivate with Ctrl-A.
Something hits you!
You die...

**,,*******,** *,*
#***,,..,,,,,...# *,*
.,,,,..#****##..###,**********
****....,,,,,......,,,,,,,,,,*
####..###**###..#.#,**********
........,,,,.....>#.#
.......#######..#.#.#
..........(...{.#.#.#
.###...#******#.@.#.# .###...#
#.#.#.# ..##...# #.#.#.#
..##..)# #.#...# .......#####
#.#...#
..##.#.#...######...############
.......'.......................#
.......#...#######..############
..####.###### #..#


There were no monsters in sight!

Vanquished Creatures
  Natasha (D:2)
  An adder (D:2)
  2 worms (D:2)
  3 leopard geckos
  3 giant cockroaches
  10 goblins
  4 hobgoblins
  5 jackals (D:1)
  7 kobolds
  A ball python (D:2)
  9 bats
  A frilled lizard (D:1)
  8 rats
55 creatures vanquished.

Notes
Turn   | Place    | Note
-------+----------+-------------------------------------------
     0 | D:1      | Dioder the Demonspawn Hunter began the quest for the Orb.
     0 | D:1      | Reached XP level 1. HP: 16/16 MP: 1/1
    51 | D:1      | Reached skill level 4 in Bows
    51 | D:1      | Gained mutation: You are partially covered in sharp spines. [demonic ancestry]
    51 | D:1      | Reached XP level 2. HP: 15/22 MP: 2/2
   242 | D:1      | Reached XP level 3. HP: 27/27 MP: 3/3
   673 | D:2      | Gained mutation: You have a pair of small antennae on your head. [demonic ancestry]
   673 | D:2      | Reached XP level 4. HP: 33/33 MP: 4/4
   775 | D:2      | Noticed Natasha
   784 | D:2      | Killed Natasha
   784 | D:2      | Reached skill level 5 in Bows
  1049 | D:2      | Noticed Sigmund
  1067 | D:2      | Slain by Sigmund

Skill      XL: |  1  2  3  4 |
---------------+-------------+-----
Bows           | 4 5 |  5.1
Dodging        | 2 |  2.5
Fighting       | |  2.0
Stealth        | |  0.8

Action                   |  1- 3 |  4- 6 || total
-------------------------+-------+-------++-------
Melee: Short sword       |     3 |    13 ||    16
 Fire: Shortbow          |   108 |    18 ||   126
  Use: Potion            |     5 |       ||     5
       Scroll            |     3 |     2 ||     5
Armor: Leather armour    |     4 |     1 ||     5
Dodge: Dodged            |    29 |     9 ||    38
